 Dungeon Crawl Stone Soup version 0.29.0-4-gdea44cf6ec (webtiles) character file.

Game seed: 1402662828669792849

48 sanka the Insei (level 3, -1/21 HPs)
             Began as a Tengu Warper on Aug 27, 2022.
             Slain by a gnoll
             ... wielding a +0 halberd
              (4 damage)
             ... on level 1 of the Dungeon.
             The game lasted 00:01:09 (1681 turns).

sanka the Insei (Tengu Warper)                      Turns: 1681, Time: 00:01:10

Health: -1/21      AC:  3    Str: 11    XL:     3   Next: 72%
Magic:  7/7        EV: 11    Int: 15    God:
Gold:   48         SH:  0    Dex: 13    Spells: 6/6 levels left

rFire   . . .      SeeInvis .     - Unarmed
rCold   . . .      Faith    .   (no shield)
rNeg    . . .      Spirit   .   a - +0 leather armour
rPois   .          Reflect  .   (helmet restricted)
rElec   .          Harm     .   (no cloak)
rCorr   .          Rampage  .   (no gloves)
Will    .....                   (boots unavailable)
Stlth   +.........              (no amulet)
HPRegen 0.07/turn               (no ring)
MPRegen 0.10/turn               (no ring)

@: no status effects
A: beak, talons 3
a: no special abilities


You were on level 1 of the Dungeon.
You visited 1 branch of the dungeon, and saw 2 of its levels.

You collected 48 gold pieces.


Innate Abilities, Weirdness & Mutations

You have a beak for a mouth.
You have claws for feet.


   Skills:
 - Level 2.0 Fighting
 - Level 1.0 Throwing
 - Level 1.1 Armour
 - Level 2.1 Dodging
 + Level 4.3 Unarmed Combat
 - Level 2.0 Spellcasting
 - Level 2.4 Translocations


You had 6 spell levels left.
You didn't know any spells.
Your spell library contained the following spells:

 Spells                   Type           Power      Damage    Failure   Level
 Blink                    Tloc           16%        N/A       17%         2
 Gell's Gravitas          Tloc           8%         N/A       32%         3
 Lesser Beckoning         Tloc           8%         N/A       32%         3
 Teleport Other           Tloc           8%         N/A       32%         3
 Iskenderun's Mystic Bla  Conj/Tloc      5%         2d3       87%         4
 Fulminant Prism          Conj/Hex       0%         3d6       96%         4
 Manifold Assault         Tloc           8%         N/A       97%         5
 Lee's Rapid Deconstruct  Erth           0%         3d5*      100%        5

Inventory:

Missiles
 c - 7 boomerangs of dispersal (quivered) {=f}
Armour
 a - a +0 leather armour (worn)
Scrolls
 b - a scroll of blinking

Dungeon Overview and Level Annotations

Branches:
Dungeon (2/15)

Altars:

▒.....▒▒..(..▒▒....▒ ▒.....▒▒▒
▒.....▒▒▒▒▒▒.▒▒....▒ ▒.....▒
▒.[.).▒ ▒.▒▒....▒▒▒▒▒▒.)...▒
▒.....▒ ▒.▒▒....▒▒.........▒
▒.....▒ ▒.▒▒▒'▒▒▒▒.▒▒▒▒....▒
▒.....▒ ▒.▒▒▒.▒ ▒▒....▒....▒
▒.....▒ ▒..▒▒.▒▒▒.....▒....▒
......▒▒▒▒▒▒▒....▒▒......▒....▒▒▒
...▒▒▒▒........gQ...▒....▒......▒
...▒ ▒........b▒▒▒▒▒.▒▒▒▒▒.....▒
...▒ ▒.........▒ ▒▒▒♣_♣▒▒▒...▒
...▒ ▒▒▒▒▒▒▒▒▒▒▒ ▒▒f...[.f▒▒..▒
...▒ ▒P..~~~..f▒..▒ ...▒
▒▒..~~~..▒▒..▒ ▒▒▒▒ ▒▒P...P▒▒...▒
▒▒▒†▒▒▒▒.▒▒▒ ▒f▒▒.f▒▒.▒


You could see a gnoll and a bat.


Message History

No target in view!
You start resting.
HP restored.
You climb downwards.
The bat closely misses you. The bat hits you. The bat completely misses you.
The bat barely misses you. The gnoll barely misses you.
There is a stone staircase leading up, spattered with blood here.
Unknown command.
The bat hits you. The bat hits you but does no damage.
The gnoll hits you with a +0 halberd!
* * * LOW HITPOINT WARNING * * *
You climb upwards.
There is a stone staircase leading down here.
Unknown command.
You hit the gnoll. Your kick misses the gnoll.
The gnoll is lightly wounded.
The bat hits you.
* * * LOW HITPOINT WARNING * * *
The gnoll hits you with a +0 halberd.
* * * LOW HITPOINT WARNING * * *
You hit the gnoll. You claw the gnoll.
The gnoll is heavily wounded.
The gnoll hits you with a +0 halberd.
You die...

Action                   || total
-------------------------++-------
Melee: Unarmed           ||    72
       Kick              ||    13
       Peck              ||     9
       Punch             ||     2
Armor: Leather armour    ||    19
Dodge: Dodged            ||    60

Levels and vault maps discovered:
D:1:      arrival_aquarium_a, layout_basic,
          dreamdust_ecumenical_altar_hidden_monk_grotto
D:2:      layout_loops_cross

Notes
Turn   | Place    | Note
-------+----------+-------------------------------------------
     0 | D:1      | sanka the Tengu Warper began the quest for the Orb.
     0 | D:1      | Reached XP level 1. HP: 12/12 MP: 4/4
     1 | D:1      | Noticed an electric eel
   140 | D:1      | Reached XP level 2. HP: 14/17 MP: 6/6
   196 | D:1      | Reached skill level 3 in Unarmed Combat
   950 | D:1      | Reached XP level 3. HP: 20/21 MP: 7/7
  1146 | D:1      | Found a faded altar of an unknown god.
  1211 | D:2      | Reached skill level 4 in Unarmed Combat
  1681 | D:1      | Slain by a gnoll

Vanquished Creatures
  2 gnolls
  5 bats (D:1)
  2 endoplasms (D:1)
  3 giant cockroaches (D:1)
  A goblin (D:1)
  A hobgoblin (D:1)
  2 jackals (D:1)
  2 quokkas (D:1)
  3 ball pythons (D:1)
  2 frilled lizards (D:1)
  3 kobolds (D:1)
  2 rats
28 creatures vanquished.
